Map: Automaton LE

Players

MechaCaulk - Winner!

  • Race: Zerg Zerg
  • League: Platinum
  • Spawn Location: 9:00

iZerg

  • Race: Protoss Protoss
  • League: Diamond
  • Spawn Location: 3:00

VOD

Have the link to the VOD?

Description

Time

  • Played on: May 13, 2019, 2:35 p.m.
  • Length: 11:01
Show
View Real Time Build Order
Export as new Build Order

MechaCaulk Zerg - Winner!

Build Orders: Hatch First 

Get SALT Encoding   

  12  0:03  Drone  
  13  0:15  Overlord  
  13  0:18  Drone  
  14  0:34  Drone x2  
  16  0:37  Drone  
  17  0:59  Drone  
  18  1:05  Hatchery  
  18  1:08  Drone  
  18  1:14  Extractor  
  17  1:19  Spawning Pool  
  17  1:21  Drone  
  17  1:25  Drone  
  18  1:32  Drone  
  19  1:41  Overlord  
  19  1:54  Drone  
  20  2:07  Queen  
  22  2:10  Zergling x2  
  23  2:19  Drone  
  24  2:23  Zergling x2  
  24  2:24  Queen  
  24  2:26  Drone  
  24  2:28  Drone  
  29  2:39  Zergling x4  
  31  2:54  Spine Crawler  
  31  2:55  Zergling x4  
  32  3:06  Roach Warren  
  32  3:08  Drone x3  
  34  3:19  Metabolic Boost  
  34  3:40  Drone x3  
  36  3:50  Overlord x2  
  36  3:58  Hatchery  
  35  4:08  Queen  
  37  4:10  Drone x4  
  37  4:11  Drone x3  
  44  4:21  Drone x3  
  47  4:39  Drone x5  
  52  4:46  Extractor, Lair  
  52  4:50  Extractor  
  50  4:57  Evolution Chamber  
  50  4:58  Pneumatized Carapace, Evolution Chamber  
  48  5:07  Overlord x2  
  48  5:23  Drone x7  
  48  5:24  Drone  
  56  5:40  Queen  
  58  5:49  Hydralisk Den  
  57  5:53  Extractor  
  56  5:57  Drone x3  
  56  6:01  Zerg Missile Weapons Level 1  
  56  6:03  Zerg Ground Armor Level 1, Drone x3  
  56  6:04  Drone x6  
  65  6:07  Drone x2  
  65  6:08  Extractor  
  65  6:09  Extractor  
  68  6:14  Drone x2  
  70  6:24  Roach x2  
  71  6:30  Zergling x4  
  71  6:31  Zergling x6  
  73  6:36  Roach  
  73  6:37  Overlord x3  
  74  6:56  Roach x4  
  82  7:06  Hydralisk x5  
  82  7:07  Hydralisk x2  
  96  7:15  Drone x2  
  98  7:41  Overlord x5  
  98  8:06  Roach x3, Hydralisk x3  
  98  8:07  Roach x2  
  114  8:15  Hydralisk x3  
  114  8:16  Roach x3  
  126  8:20  Overlord x2  
  126  8:33  Zerg Missile Weapons Level 2  
  126  8:34  Hydralisk x2  
  126  8:35  Roach x3  
  126  8:37  Overseer x2  
  132  8:52  Hydralisk x2  
  132  8:53  Roach x3, Hydralisk  
  132  8:54  Roach  
  141  8:56  Drone x2  
  141  9:00  Drone  
  141  9:01  Drone x2  
  144  9:11  Drone x4  
  144  9:12  Drone x4  
  152  9:26  Hydralisk  
  152  9:27  Roach  
  144  9:40  Zergling x16  
  146  10:07  Roach x2, Hydralisk x2  
  146  10:12  Overlord x3  
  146  10:13  Overlord x2  
  152  10:24  Roach, Hydralisk x3  
  152  10:25  Roach x3  
  154  10:30  Hydralisk x2  
  154  10:31  Overseer, Roach x2  
  150  10:40  Overseer, Roach x2  
Show
View Real Time Build Order
Export as new Build Order

iZerg Protoss 

Build Orders:  

Get SALT Encoding   

  12  0:01  Probe  
  13  0:17  Probe  
  13  0:18  Pylon  
  14  0:25  Probe  
  15  0:46  Gateway  
  15  0:53  Gateway  
  15  0:55  Probe  
  15  0:56  Assimilator  
  15  1:04  Probe  
  17  1:12  Assimilator, Probe  
  18  1:24  Probe  
  19  1:35  Cybernetics Core  
  19  1:43  Pylon  
  19  1:48  Probe  
  20  2:00  Probe  
  21  2:01  Warp Gate  
  21  2:07  Adept  
  21  2:12  Probe  
  26  2:27  Stalker  
  26  2:39  Pylon  
  26  2:59  Robotics Facility  
  26  3:06  Nexus  
  22  3:52  Shield Battery  
  22  3:53  Shield Battery  
  22  3:57  Shield Battery  
  22  4:00  Warp Prism  
  24  4:05  Stalker  
  24  4:06  Stalker  
  28  4:10  Probe  
  29  4:18  Probe  
  30  4:28  Probe  
  31  4:39  Immortal  
  31  4:40  Probe  
  31  4:41  Probe  
  37  4:49  Probe  
  37  4:52  Probe  
  38  4:59  Probe  
  39  5:00  Gateway  
  39  5:04  Probe  
  41  5:09  Stalker  
  41  5:10  Stalker  
  41  5:11  Probe  
  46  5:16  Probe  
  47  5:21  Probe  
  47  5:27  Warp Prism  
  48  5:29  Probe  
  48  5:31  Assimilator  
  49  5:37  Pylon  
  49  5:38  Probe  
  52  5:50  Probe  
  52  5:56  Stalker  
  55  5:57  Stalker  
  55  6:00  Zealot  
  55  6:02  Probe  
  60  6:21  Stalker  
  62  6:41  Pylon  
  62  6:46  Pylon  
  60  6:59  Immortal  
  60  7:17  Sentry x3  
  66  7:32  Gateway  
  66  7:34  Gateway  
  66  7:38  Immortal  
  70  8:17  Stalker x3  
  72  8:57  Stalker x3  
  72  8:58  Stalker  
  72  9:00  Zealot  
  74  9:12  Immortal  
  50  9:41  Stalker  
  50  9:42  Stalker  
  50  9:43  Stalker x2  
  50  9:44  Stalker  
  60  9:51  Immortal  
  56  10:10  Stalker x4  
  48  10:38  Stalker  
  48  10:42  Stalker  
Tags
 
Add a new tag
Caveats
  • Supply blocks, unpowered buildings, or Contaminate may cause inaccurate times.
  • Supply counts are checked every 10 seconds.